 Dungeon Crawl Stone Soup version 0.23.2-33-g5129a83184 (webtiles) character file.

Game seed: 7148581229303788039

4292 Derp the Grappler (level 10, -4/96 HPs)
             Began as a Troll Berserker on July 12, 2019.
             Was a High Priest of Trog.
             Slain by a nine-headed hydra (12 damage)
             ... on level 8 of the Dungeon.
             The game lasted 00:22:16 (5313 turns).

Derp the Grappler (Troll Berserker)                 Turns: 5313, Time: 00:22:17

Health: -4/96      AC:  8    Str: 27    XL:     10   Next: 11%
Magic:  18/18      EV: 13    Int:  3    God:    Trog [*****.]
Gold:   259        SH:  0    Dex: 12    Spells: 9/9 levels left

rFire    + . .     SeeInvis .     - Unarmed
rCold    x . .     Gourm    +   (no shield)
rNeg     . . .     Faith    .   a - +0 animal skin
rPois    .         Spirit   .   s - +2 hat
rElec    .         Reflect  .   (no cloak)
rCorr    .         Harm     .   (gloves unavailable)
MR       .....                  (boots unavailable)
Stlth    ++........             (no amulet)
HPRegen  0.66/turn              m - ring of magical power
MPRegen  0.16/turn              r - ring of fire

@: no status effects
A: large, unfitting armour, claws 3, fast metabolism 3, gourmand, regeneration
1, shaggy fur 1, tough skin 3
a: Berserk, Trog's Hand, Brothers in Arms, Renounce Religion


You were on level 8 of the Dungeon.
You worshipped Trog.
Trog was extremely pleased with you.
You were not hungry.

You visited 1 branch of the dungeon, and saw 8 of its levels.

You collected 812 gold pieces.
You spent 553 gold pieces at shops.

Inventory:

Armour
 a - a +0 animal skin (worn)
 s - a +2 hat (worn)
Jewellery
 m - a ring of magical power (left claw)
 r - a ring of fire (right claw)
 t - a +3 ring of protection {unknown}
Wands
 p - a wand of flame (44)
 v - a wand of digging (5)
 B - a wand of enslavement (8)
Scrolls
 d - 2 scrolls of remove curse
 f - 3 scrolls of fear
 g - 6 scrolls of teleportation
 h - a scroll of immolation
 i - a scroll of random uselessness
 j - a scroll of noise
 u - a scroll of enchant armour
 x - a scroll of brand weapon {unknown}
 y - a scroll of silence
 A - a scroll of enchant weapon
Potions
 c - a potion of invisibility {unknown}
 e - a potion of haste {unknown}
 k - 2 potions of curing {unknown}
 l - 2 potions of heal wounds
 n - a potion of berserk rage {unknown}
 o - 2 potions of degeneration {unknown}
 q - a potion of agility {unknown}
 w - a potion of lignification {unknown}
 z - a potion of resistance {unknown}
Comestibles
 b - 15 rations


   Skills:
 + Level 5.2 Fighting
 + Level 6.5 Dodging
 + Level 1.9 Stealth
 + Level 11.3 Unarmed Combat


You had 9 spell levels left.
You didn't know any spells.
Your spell library was empty.

Dungeon Overview and Level Annotations

Branches:
Dungeon (8/15)             Temple (0/1) D:7
   Lair: D:8-11

Altars:
Elyvilon
Makhleb
Ru
Uskayaw
Wu Jian

Shops:
D:6 [   D:7 %=?


Innate Abilities, Weirdness & Mutations

You are too large for most types of armour.
You have claws for hands.
Your metabolism is lightning-fast.
You like to eat raw meat.
Your natural rate of healing is unusually fast.
You are covered in fur. (AC +1)
You have extremely tough skin. (AC +3)


Message History

The bullfrog misses you. The bullfrog barely misses you.
You feel much better.
The eight-headed hydra completely misses you.
The eight-headed hydra closely misses you. x2
The eight-headed hydra misses you.
The eight-headed hydra closely misses you.
The eight-headed hydra barely misses you.
The eight-headed hydra bites you! x2
* * * LOW HITPOINT WARNING * * *
You rip one of the eight-headed hydra's heads off!
The seven-headed hydra grows two more!
You mangle the nine-headed hydra!!
The nine-headed hydra is severely wounded.
The nine-headed hydra misses you. x2; The nine-headed hydra bites you!
* * * LOW HITPOINT WARNING * * *
The nine-headed hydra bites you!
* * * LOW HITPOINT WARNING * * *
The nine-headed hydra completely misses you.
The nine-headed hydra bites you!
You die...

# ..# #....#.....#
.##[# ##...#.....# .%!%
.###.<###### #[##
..##.#.#
##.†###...#.#.#
#.........#.#>#
#....cF..##..##
#.....###D####.##
#....##..@..##..#####.#
##..##...[...#........#
#####.......#..#######
.............##
.....##.#..### .#.#.
#...## #.#. #.### #
...# .####


You could see a nine-headed hydra, a bullfrog and a centaur.

Vanquished Creatures
  Pikel (D:5)
  The ghost of ThisFiasco the Slicer, a novice KoAs (D:5)
  Prince Ribbit (D:7)
  A hippogriff (D:7)
  Sigmund (D:5)
  Eustachio (D:4)
  A soldier ant (D:8)
  Edmund (D:5)
  Duvessa (D:5)
  An orc warrior (D:6)
  2 ice beasts
  A phantom (D:4)
  3 sky beasts
  6 ogres
  2 centaurs
  A bullfrog (D:6)
  A scorpion (D:7)
  A water moccasin zombie (D:7)
  Dowan (D:5)
  3 howler monkeys
  A bullfrog zombie (D:7)
  5 hounds
  2 orc priests
  2 bullfrog skeletons
  A centaur skeleton (D:4)
  A jelly (D:5)
  4 orc wizards
  2 iguanas (D:4)
  3 worker ants
  2 hound skeletons (D:7)
  4 gnolls (D:2)
  10 adders
  A hound simulacrum (D:5)
  2 shadow imps
  A white imp (D:5)
  2 worker ant simulacra (D:5)
  An adder skeleton (D:3)
  4 worms
  3 dart slugs
  5 leopard geckos
  18 orcs
  4 giant cockroaches
  6 goblins
  10 hobgoblins
  10 jackals
  11 kobolds
  6 quokkas
  4 ball pythons
  A ball python skeleton (D:4)
  7 bats
  4 frilled lizards
  A giant cockroach simulacrum (D:5)
  12 rats
  A bush (D:7)
182 creatures vanquished.

Vanquished Creatures (others)
  A leopard gecko (D:5)
  A jackal zombie (D:5)
2 creatures vanquished.

Grand Total: 184 creatures vanquished

Notes
Turn   | Place    | Note
-------+----------+-------------------------------------------
     0 | D:1      | Derp the Troll Berserker began the quest for the Orb.
     0 | D:1      | Reached XP level 1. HP: 22/22 MP: 0/0
    40 | D:1      | Reached XP level 2. HP: 28/29 MP: 1/1
   415 | D:1      | Reached ** piety under Trog
   424 | D:1      | Reached XP level 3. HP: 36/36 MP: 2/2
   755 | D:2      | Found a hide-covered altar of Uskayaw.
   914 | D:2      | Reached XP level 4. HP: 40/45 MP: 3/3
   960 | D:2      | Reached skill level 4 in Unarmed Combat
  1321 | D:2      | Reached XP level 5. HP: 53/53 MP: 4/4
  1524 | D:3      | Reached *** piety under Trog
  1621 | D:3      | Found a sacrificial altar of Ru.
  1621 | D:3      | Found an ornate altar of the Wu Jian Council.
  2298 | D:4      | Noticed a phantom
  2307 | D:4      | Reached skill level 5 in Unarmed Combat
  2345 | D:4      | Killed a phantom
  2345 | D:4      | Reached XP level 6. HP: 56/61 MP: 5/5
  2408 | D:4      | Noticed Eustachio
  2452 | D:4      | Killed Eustachio
  2508 | D:4      | Reached skill level 6 in Unarmed Combat
  2530 | D:4      | Reached XP level 7. HP: 48/68 MP: 6/6
  2937 | D:5      | Entered Level 5 of the Dungeon
  2937 | D:5      | Noticed Sigmund
  2951 | D:5      | Found a runed translucent gate.
  2951 | D:5      | Found a runed translucent gate.
  2957 | D:5      | Found a runed translucent gate.
  2971 | D:5      | Killed Sigmund
  2971 | D:5      | Reached skill level 7 in Unarmed Combat
  3027 | D:5      | Reached XP level 8. HP: 63/78 MP: 7/7
  3050 | D:5      | Noticed Edmund
  3067 | D:5      | Killed Edmund
  3068 | D:5      | Noticed Dowan
  3152 | D:5      | Killed Dowan
  3152 | D:5      | Reached **** piety under Trog
  3160 | D:5      | Noticed Pikel
  3167 | D:5      | Killed Pikel
  3167 | D:5      | Reached skill level 5 in Dodging
  3167 | D:5      | Reached skill level 8 in Unarmed Combat
  3241 | D:5      | Noticed ThisFiasco's ghost (novice KoAs)
  3271 | D:5      | Noticed Duvessa
  3279 | D:5      | Killed Duvessa
  3279 | D:5      | Reached skill level 1 in Stealth
  3279 | D:5      | Reached skill level 9 in Unarmed Combat
  3396 | D:5      | Found a sacrificial altar of Ru.
  3707 | D:5      | Killed ThisFiasco's ghost
  3707 | D:5      | Reached XP level 9. HP: 54/87 MP: 8/8
  3929 | D:6      | Found Ungonok's Antique Armour Shop.
  3948 | D:6      | Bought an embroidered hat for 182 gold pieces
  4181 | D:6      | Reached skill level 10 in Unarmed Combat
  4378 | D:6      | Reached skill level 5 in Fighting
  4409 | D:7      | Found Fidag's Food Boutique.
  4604 | D:7      | Found Tiumn's Magic Scroll Boutique.
  4613 | D:7      | Bought a scroll of identify for 28 gold pieces
  4613 | D:7      | Bought a scroll of identify for 28 gold pieces
  4615 | D:7      | Bought a scroll of enchant armour for 105 gold pieces
  4742 | D:7      | Found a burning altar of Makhleb.
  4791 | D:7      | Noticed Prince Ribbit
  4816 | D:7      | Killed Prince Ribbit
  4816 | D:7      | Reached ***** piety under Trog
  4816 | D:7      | Reached skill level 11 in Unarmed Combat
  4842 | D:7      | Reached XP level 10. HP: 64/96 MP: 9/9
  4858 | D:7      | Found a staircase to the Ecumenical Temple.
  4944 | D:7      | Found Kivacsum's Jewellery Shop.
  5095 | D:7      | Found a white marble altar of Elyvilon.
  5197 | D:7      | Bought a scroll of silence for 105 gold pieces
  5197 | D:7      | Bought a scroll of enchant weapon for 105 gold pieces
  5299 | D:8      | Noticed a seven-headed hydra
  5313 | D:8      | Slain by a nine-headed hydra

Skill      XL: |  1  2  3  4  5  6  7  8  9 |
---------------+----------------------------+-----
Fighting       | 3 4 5 |  5.2
Dodging        | 3 4 5 6 |  6.5
Unarmed Combat | 4 5 6 7 9 11 | 11.3
Stealth        | 1 |  1.9

Action                   |  1- 3 |  4- 6 |  7- 9 | 10-12 || total
-------------------------+-------+-------+-------+-------++-------
Melee: Unarmed           |    93 |   180 |   214 |    48 ||   535
       Punch             |     1 |     2 |    11 |     5 ||    19
  Use: Scroll            |       |       |     9 |       ||     9
       Potion            |       |       |       |     1 ||     1
 Stab: Sleeping          |       |       |     1 |       ||     1
  Eat: Chunk             |     3 |     6 |    10 |     6 ||    25
       Ration            |     1 |     3 |     3 |       ||     7
Armor: Animal skin       |    56 |    96 |    74 |    12 ||   238
Dodge: Dodged            |    82 |   130 |   121 |    29 ||   362
